 Dungeon Crawl Stone Soup version 0.28-a0-172-g787e458d71 (webtiles) character file.

Game seed: 762490645711609915

83 rogsnak the Magician (level 4, 0/31 HPs)
             Began as a Djinni Fire Elementalist on Aug 17, 2021.
             Killed by divine providence
             ... invoked by an orc priest
              (12 damage)
             ... on level 3 of the Dungeon.
             The game lasted 00:03:38 (2805 turns).

rogsnak the Magician (Djinni Fire Elementalist)     Turns: 2805, Time: 00:03:39

Health: 0/31       AC:  4    Str:  7    XL:     4   Next: 71%
Gold:   129        EV: 12    Int: 18    God:
                   SH:  0    Dex: 13

rFire   + + .      SeeInvis .   h - +0 mace
rCold   x . .      Faith    .   (no shield)
rNeg    + . .      Spirit   .   k - +2 robe {rN+}
rPois   ∞          Reflect  .   (no helmet)
rElec   .          Harm     .   (no cloak)
rCorr   .          Rampage  .   (no gloves)
Will    .....                   (boots unavailable)
Stlth   ++........              (no amulet)
HPRegen 0.10/turn               (no ring)
MPRegen 0.00/turn               (no ring)

@: flying
A: sickness immunity, fire resistance 2, cold vulnerability 1, float, innate
caster, hp casting, extra vitality 1
a: no special abilities


You were on level 3 of the Dungeon.
You visited 1 branch of the dungeon, and saw 3 of its levels.

You collected 129 gold pieces.

Inventory:

Hand Weapons
 d - a +0 short sword
 h - a +0 mace (weapon)
Missiles
 b - 33 sling bullets
 c - 102 stones
Armour
 a - a +0 robe
 k - a +2 robe of positive energy (worn)
Scrolls
 g - a scroll of identify {unknown}
 j - a scroll of amnesia {unknown}
Potions
 e - 3 potions of lignification {unknown}
 f - a potion of curing {unknown}
 i - 2 potions of haste {unknown}
 l - a potion of brilliance {unknown}


   Skills:
 + Level 0.1 Fighting
 + Level 2.5 Dodging
 + Level 1.9 Stealth
 + Level 3.7 Spellcasting


You couldn't memorise any spells.
You knew the following spells:

 Your Spells              Type           Power      Damage    Failure   Level
a - Foxfire               Conj/Fire      64%        2x1d7     3%          1
b - Conjure Flame         Conj/Fire      16%        6-21      10%         3
c - Inner Flame           Hex/Fire       16%        N/A       10%         3
d - Sticky Flame          Conj/Fire      16%        2d4       32%         4
e - Fireball              Conj/Fire      8%         3d6       67%         5
f - Sandblast             Erth           32%        2d9       3%          1
Your spell library was empty.

Dungeon Overview and Level Annotations

Branches:
Dungeon (3/15)

Altars:


Innate Abilities, Weirdness & Mutations

You are immune to sickness and miasma.
You are immune to poison.
Your flesh is very heat resistant. (rF++)
You are vulnerable to cold. (rC-)
You float through the air rather than walking.
You learn spells naturally, not from books.
Your magical power is your life essence.
You have superior vitality. (+4 HP)


Message History

Confirm with . or Enter, or press ? or * to list all spells.
You conjure some foxfire!
The foxfire hits the orc.
The orc is lightly wounded.
The foxfire hits the orc.
The orc is heavily wounded.
The orc priest mumbles some strange prayers to Beogh against you.
Beogh smites you!
Casting: Foxfire (safe; 3% risk of failure)
Confirm with . or Enter, or press ? or * to list all spells.
You conjure some foxfire!
The foxfire hits the orc.
You kill the orc!
Unknown command.
Casting: Foxfire (safe; 3% risk of failure)
Confirm with . or Enter, or press ? or * to list all spells.
You conjure some foxfire!
The foxfire hits the orc.
The orc is heavily wounded.
The foxfire hits the orc.
You kill the orc!
Unknown command.
Casting: Foxfire (safe; 3% risk of failure)
Confirm with . or Enter, or press ? or * to list all spells.
You conjure some foxfire!
The foxfire hits the orc priest!
The orc priest is heavily wounded.
The foxfire hits the orc priest but does no damage.
The orc priest is heavily wounded.
A frilled lizard comes into view.
Casting: Foxfire (safe; 3% risk of failure)
Confirm with . or Enter, or press ? or * to list all spells.
You conjure some foxfire!
The foxfire hits the frilled lizard.
You kill the frilled lizard!
The foxfire hits the orc priest.
The orc priest is severely wounded.
Unknown command.
Casting: Foxfire (safe; 3% risk of failure)
Confirm with . or Enter, or press ? or * to list all spells.
You conjure some foxfire!
The foxfire hits the orc priest.
The orc priest is almost dead.
The orc priest mumbles some strange prayers to Beogh against you.
Beogh smites you!
You die...

.## ..#####
#.....# #.....#
#.....# #
#....§#.#####
#...vv#......
#...§@§§vo...
##..v§#######
#####....#
#.##.# .
####.#....#....
........<.......
................
#####.#...#####.
#.#...#


You could see an orc priest (ally target).

Vanquished Creatures
  Jessica (D:2)
  An adder (D:2)
  A worm (D:2)
  2 orcs (D:3)
  3 ball pythons
  4 endoplasms (D:1)
  8 goblins
  2 hobgoblins
  6 kobolds
  3 quokkas
  2 bats (D:2)
  4 frilled lizards
  6 rats
43 creatures vanquished.

Vanquished Creatures (others)
  149 foxfires
149 creatures vanquished.

Grand Total: 192 creatures vanquished

Notes
Turn   | Place    | Note
-------+----------+-------------------------------------------
     0 | D:1      | rogsnak the Djinni Fire Elementalist began the quest for
                  | the Orb.
     0 | D:1      | Reached XP level 1. HP: 15/15 MP: 0/0
   252 | D:1      | Reached XP level 2. HP: 16/21 MP: 0/0
   850 | D:1      | Reached skill level 3 in Spellcasting
   906 | D:1      | Reached XP level 3. HP: 20/25 MP: 0/0
   906 | D:1      | Learned a level 1 spell: Sandblast
  2033 | D:2      | Noticed Jessica
  2290 | D:2      | Killed Jessica
  2291 | D:2      | Reached XP level 4. HP: 27/31 MP: 0/0
  2805 | D:3      | Killed from afar by an orc priest

Illustrated notes

Levels and vault maps discovered:
D:1:      saegor_arrival_simple_c, layout_loops_cross
D:2:      layout_basic, bh_walls_and_bars, uniq_jessica
D:3:      layout_basic, shapermc_ecumenical_altar_pompeii

Skill      XL: |  1  2 |
---------------+-------+-----
Spellcasting   | 3 |  3.7
Fighting       | |  0.1
Dodging        | |  2.5
Stealth        | |  1.9

Action                   |  1- 3 |  4- 6 || total
-------------------------+-------+-------++-------
Melee: Unarmed           |     2 |       ||     2
       Club              |     3 |       ||     3
       Mace              |     5 |     1 ||     6
       Short sword       |     4 |       ||     4
 Cast: Foxfire           |    79 |    18 ||    97
 Stab: Sleeping          |     1 |       ||     1
Armor: Robe              |     2 |       ||     2
Dodge: Dodged            |     7 |       ||     7

Table legend: (Time is in decaauts)
 A = Elapsed time spent in this place.
 B = Non-inter-level travel time spent in this place.
 C = Inter-level travel time spent in this place.
 D = Time resting spent in this place.
 E = Time spent auto-exploring this place.
 F = Levels seen in this place.
 G = Mean time per level.
                   A        B        C        D        E       F      G
               +--------+--------+--------+--------+--------+-----+--------+
         Total |   2806 |   2732 |     74 |     18 |   2342 |   3 |  935.3 |
       Dungeon |   2806 |   2732 |     74 |     18 |   2342 |   3 |  935.3 |
               +--------+--------+--------+--------+--------+-----+--------+

Top non-repeatable levels by time:
     D:1: 1624 daAuts
     D:2: 1169 daAuts
     D:3: 12 daAuts
